 Dungeon Crawl Stone Soup version 0.31-a0-214-gb37851dbb3 (webtiles) character file.

Game seed: 13650411434235288735

176 qw the Shooter (level 5, -7/45 HPs)
             Began as a Minotaur Hexslinger on July 1, 2023.
             Mangled by an orc warrior
             ... wielding a +0 short sword
              (10 damage)
             ... on level 4 of the Dungeon.
             The game lasted 00:00:57 (2507 turns).

qw the Shooter (Minotaur Hexslinger)                Turns: 2507, Time: 00:00:58

Health: -7/45      AC:  5    Str: 11 (12) XL:     5   Next: 30%
Magic:  5/5        EV: 12    Int:  8 (10) God:
Gold:   229        SH:  0    Dex: 14 (15) Spells: 5/6 levels left

rFire   . . .        Y - +2 sling
rCold   . . .        (no shield)
rNeg    . . .        i - +1 robe {Will+}
rPois   .            (helmet restricted)
rElec   .            e - +0 cloak
rCorr   .            a - +0 pair of gloves
SInv    .            (no boots)
Will    +....        (no amulet)
Stlth   +            (no ring)
HPRegen 0.27/turn    (no ring)
MPRegen 0.09/turn

%: no passive effects
@: about to teleport
A: horns 2, retaliatory headbutt
a: no special abilities


You were on level 4 of the Dungeon.
You visited 1 branch of the dungeon, and saw 4 of its levels.

You collected 229 gold pieces.


Innate Abilities, Weirdness & Mutations

You have a pair of horns on your head.
You reflexively headbutt those who attack you in melee.


   Skills:
 - Level 3.1 Fighting
 + Level 5.3 Ranged Weapons
 - Level 1.0 Armour
 - Level 2.1 Dodging
 - Level 1.0 Spellcasting
 - Level 2.0 Hexes


You had 5 spell levels left.
You knew the following spells:

 Your Spells              Type           Power      Damage    Failure   Level
a - Slow                  Hex            12%        N/A       17%         1

Your spell library contained the following spells:

 Spells                   Type           Power      Damage    Failure   Level
 Inner Flame              Hex/Fire       2%         N/A       61%         3
 Portal Projectile        Hex/Tloc       4%         N/A       61%         3
 Cause Fear               Hex            1%         N/A       86%         4

Inventory:

Hand Weapons
 Y - a +2 sling (weapon)
Armour
 a - a +0 pair of gloves (worn)
 d - a +0 ring mail
 e - a +0 cloak (worn)
 i - a +1 robe of willpower (worn)
Scrolls
 b - a scroll of identify
Potions
 f - a potion of heal wounds
 g - a potion of curing
 j - a potion of mutation {unknown}
 l - a potion of lignification {unknown}

Dungeon Overview and Level Annotations

Branches:
Dungeon (4/15)
 Temple: D:4-7

Altars:


Message History

You kill the iguana!
You feel your dexterity returning.
You shoot a sling bullet.
The sling bullet closely misses the orc warrior.
The orc warrior completely misses you.
You shoot a sling bullet.
The sling bullet hits the orc warrior but does no damage.
The orc warrior hits you with a +0 short sword!
You shoot a sling bullet.
The sling bullet barely misses the orc warrior.
The orc warrior hits you with a +0 short sword.
The orc warrior barely misses you.
You shoot a sling bullet.
The sling bullet closely misses the orc warrior.
The orc warrior hits you with a +0 short sword.
You shoot a sling bullet. The sling bullet hits the orc warrior.
The orc warrior is lightly wounded.
The orc warrior misses you.
You shoot a sling bullet.
The sling bullet hits the orc warrior but does no damage.
The orc warrior is lightly wounded.
The orc warrior closely misses you.
You shoot a sling bullet.
The sling bullet hits the orc warrior but does no damage.
The orc warrior is lightly wounded.
The orc warrior barely misses you. You furiously retaliate!
You headbutt the orc warrior. You shoot a sling bullet.
The sling bullet hits the orc warrior but does no damage.
The orc warrior is moderately wounded.
The orc warrior completely misses you. You furiously retaliate!
You headbutt the orc warrior. You shoot a sling bullet.
The sling bullet hits the orc warrior.
The orc warrior is moderately wounded.
The orc warrior hits you with a +0 short sword!
2507 ||| READING scroll of teleportation.
As you read the scroll of teleportation, it crumbles to dust.
You feel strangely unstable.
The orc warrior hits you with a +0 short sword!
You die...

#.# # #.#
#.#####.##
# .........
.# .......
..
....###.###
#o)>......
#@%......
#.###.###
#.<...#
#####.#


You could see an orc warrior.

Vanquished Creatures
  An orc priest (D:4)
  Terence (D:2)
  An iguana (D:4)
  A gnoll (D:1)
  An adder (D:2)
  3 worms
  4 orcs
  6 ball pythons
  5 bats
  5 endoplasms
  3 giant cockroaches
  4 goblins
  2 hobgoblins (D:1)
  7 jackals (D:1)
  6 quokkas
  A frilled lizard (D:1)
  6 kobolds
  4 rats
61 creatures vanquished.

Notes
Turn   | Place    | Note
-------+----------+-------------------------------------------
     0 | D:1      | qw the Minotaur Hexslinger began the quest for the Orb.
     0 | D:1      | Reached XP level 1. HP: 16/16 MP: 1/1
     0 | D:1      | 0 ||| qw: Version: 0.3-a-32-g5962c71
     0 | D:1      | 0 ||| qw: Game counter: 7658
     0 | D:1      | 0 ||| qw: Melee chars always use a shield: true
     0 | D:1      | 0 ||| qw: God list: Okawaru
     0 | D:1      | 0 ||| qw: Allow faded altars: false
     0 | D:1      | 0 ||| qw: Do Orc after clearing Dungeon:15 true
     0 | D:1      | 0 ||| qw: Do second Lair branch before Depths: true
     0 | D:1      | 0 ||| qw: Lair rune preference: random
     0 | D:1      | 0 ||| qw: Goals: Normal
     0 | D:1      | 0 ||| PLANNING D:1-11
   173 | D:1      | Reached skill level 3 in Ranged Weapons
   173 | D:1      | Reached XP level 2. HP: 8/23 MP: 2/2
   462 | D:1      | Reached XP level 3. HP: 29/29 MP: 3/3
   913 | D:1      | Reached skill level 4 in Ranged Weapons
  1030 | D:1      | 1030 ||| UPGRADING to +0 ring mail.
  1040 | D:1      | 1040 ||| DROPPING +0 robe.
  1041 | D:1      | 1041 ||| READING scroll labelled SEEPAFIQIU.
  1042 | D:1      | 1042 ||| READING scroll labelled ACWILU ERUU.
  1043 | D:1      | 1043 ||| READING scroll labelled NEANTU XAFRO.
  1044 | D:1      | 1044 ||| DROPPING scroll of poison.
  1282 | D:2      | Reached skill level 1 in Armour
  1374 | D:2      | Noticed Terence
  1383 | D:2      | Killed Terence
  1384 | D:2      | Reached XP level 4. HP: 12/36 MP: 4/4
  1646 | D:2      | 1646 ||| UPGRADING to +0 cloak.
  1651 | D:2      | 1651 ||| UPGRADING to +1 robe of willpower.
  1661 | D:2      | 1661 ||| READING scroll labelled TIROTIAQ VOIKK.
  1662 | D:2      | 1662 ||| READING 2 scrolls labelled RAUH HYEMMAKUO.
  1679 | D:2      | 1679 ||| DRINKING 2 viscous blue potions.
  1680 | D:2      | 1680 ||| READING 2 scrolls of identify.
  1680 | D:2      | 1680 ||| IDENTIFYING white potion
  1681 | D:2      | 1681 ||| DROPPING potion of degeneration.
  1975 | D:3      | Reached skill level 5 in Ranged Weapons
  2286 | D:3      | Found a faded altar of an unknown god.
  2334 | D:3      | 2334 ||| UPGRADING to +0 pair of gloves.
  2339 | D:3      | 2339 ||| READING scroll labelled ZAFOSHY ZUTE.
  2340 | D:3      | 2340 ||| READING scroll labelled EMPUIC BUUTO.
  2441 | D:3      | 2441 ||| READING scroll labelled UNUONT NOATROPP.
  2442 | D:3      | 2442 ||| READING scroll labelled PIFIYG RIVE.
  2443 | D:3      | 2443 ||| DRINKING 2 grey potions.
  2488 | D:4      | Reached skill level 3 in Fighting
  2488 | D:4      | Reached XP level 5. HP: 44/45 MP: 5/5
  2491 | D:4      | Noticed an orc warrior
  2506 | D:4      | HP: 3/45 [orc warrior/+0 short sword (12)]
  2507 | D:4      | 2507 ||| READING scroll of teleportation.
  2507 | D:4      | Mangled by an orc warrior

Levels and vault maps discovered:
D:1:      heliophobic_arrival_dark_side_of_the_moon, layout_basic
D:2:      layout_rooms, uniq_terence
D:3:      layout_loops_cross, ebering_ecumenical_altar_rust
D:4:      layout_loops_ring, uniq_natasha

Skill      XL: |  1  2  3  4 |
---------------+-------------+-----
Ranged Weapons | 3 4 5 |  5.3
Fighting       | 2 3 |  3.1
Armour         | 1 |  1.0
Dodging        | |  2.1
Spellcasting   | |  1.0
Hexes          | |  2.0

Action                     |  1- 3 |  4- 6 || total
---------------------------+-------+-------++-------
   Fire: Sling             |   135 |    78 ||   213
    Use: Scroll            |     3 |     8 ||    11
         Potion            |       |     2 ||     2
 Armour: Robe              |     9 |     5 ||    14
         Ring mail         |     3 |     1 ||     4
  Dodge: Dodged            |    40 |    19 ||    59

Table legend:
 A = Non-vault XP
 B = Vault XP
 C = Vault XP percentage of total XP
 D = Non-vault monster count
 E = Vault monster count
 F = Vault count percentage of total count
                 A         B        C        D         E       F
            +---------+---------+-------+---------+---------+-------
      Total |     216 |      36 |  14.3 |      60 |       1 |   1.6
            +---------+---------+-------+---------+---------+-------
        D:1 |      66 |       0 |   0.0 |      31 |       0 |   0.0
        D:2 |      39 |      36 |  48.0 |      13 |       1 |   7.1
        D:3 |      24 |       0 |   0.0 |       9 |       0 |   0.0
        D:4 |      87 |       0 |   0.0 |       7 |       0 |   0.0
            +---------+---------+-------+---------+---------+-------
